 Dungeon Crawl Stone Soup version 0.30.1-4-g462c640d31 (webtiles) character file.

Game seed: 4180714418809630445

42273 GeoRichter the Thaumaturge (level 14, -4/111 HPs)
             Began as a Gnoll Warper on Aug 15, 2023.
             Was the Champion of Lugonu.
             Slain by a death yak (17 damage)
             ... on level 5 of the Lair of Beasts.
             The game lasted 00:35:45 (18784 turns).

GeoRichter the Thaumaturge (Gnoll Warper)          Turns: 18784, Time: 00:35:45

Health: -4/111     AC: 14    Str: 12    XL:     14   Next: 19%
Magic:  28/28      EV: 17    Int: 15    God:    Lugonu [******]
Gold:   1701       SH: 11    Dex: 15    Spells: 23/34 levels left

rFire   . . .        a - +7 Throatcutter {drain, coup de grace}
rCold   . . .        i - +0 buckler
rNeg    + . .        Q - +0 steam dragon scales
rPois   +            l - +0 helmet
rElec   .            (no cloak)
rCorr   .            (no gloves)
SInv    .            m - +0 pair of boots
Will    +....        e - amulet of reflection
Stlth   ++++         M - ring "Qusy" {rPois rN+ Dex+2}
HPRegen 0.38/turn    T - +4 ring of protection
MPRegen 0.21/turn

%: reflection
@: wereblooded
A: fangs 1, strong nose, distributed training
a: Renounce Religion, Depart the Abyss, Banish, Corrupt, Enter the Abyss, Brand
Weapon With Distortion


You were on level 5 of the Lair of Beasts.
You worshipped Lugonu.
Lugonu was exalted by your worship.
You visited 2 branches of the dungeon, and saw 15 of its levels.
You also visited: Sewer, Bailey and Volcano.

You collected 1701 gold pieces.

Inventory:

Hand Weapons
 a - the +7 Throatcutter (weapon) {drain, coup de grace}
   (You found it on level 3 of the Dungeon)
 b - the +7 lajatang of Order {silver, rMut}
   (You acquired it on level 6 of the Dungeon)

   rMut:      It protects you from mutation.
Missiles
 W - 3 throwing nets {!f}
Armour
 i - a +0 buckler (worn)
   (You found it on level 10 of the Dungeon)
 l - a +0 helmet (worn)
   (You took it off Robin on level 4 of the Dungeon)
 m - a +0 pair of boots (worn)
   (You found it on level 2 of the Dungeon)
 N - +0 ice dragon scales
   (You found it on level 8 of the Dungeon)
 O - the +1 helmet "Vafuhu" {rF- rC+++ rCorr}
   (You acquired it on level 2 of the Lair of Beasts)

   rF:        It makes you vulnerable to fire.
   rC:        It renders you almost immune to cold.
   rCorr:     It protects you from acid and corrosion.
 Q - +0 steam dragon scales (worn)
   (You found it on level 9 of the Dungeon)
Jewellery
 e - an amulet of reflection (around neck)
   (You found it on level 7 of the Dungeon)
 y - a ring of willpower
   (You found it on level 4 of the Dungeon)
 M - the ring "Qusy" (left hand) {rPois rN+ Dex+2}
   (You acquired it on level 6 of the Dungeon)

   [ring of poison resistance]

   Dex:       It affects your dexterity (+2).
   rPois:     It protects you from poison.
   rN:        It protects you from negative energy.
 R - a ring of positive energy
   (You found it on level 4 of the Lair of Beasts)
 T - a +4 ring of protection (right hand)
   (You found it on level 9 of the Dungeon)
 U - a ring of flight
   (You found it on level 10 of the Dungeon)
Wands
 x - a wand of digging (7)
   (You found it on level 9 of the Dungeon)
 E - a wand of mindburst (9)
   (You found it on level 4 of the Dungeon)
 G - a wand of iceblast (13)
   (You found it on level 2 of the Lair of Beasts)
 J - a wand of paralysis (6)
   (You found it on level 6 of the Dungeon)
 S - a wand of polymorph (9)
   (You found it on level 9 of the Dungeon)
 Y - a wand of flame (10)
   (You found it on level 3 of the Lair of Beasts)
Scrolls
 c - 7 scrolls of blinking
 d - a scroll of magic mapping
 k - 3 scrolls of butterflies
 o - 5 scrolls of teleportation {@r4}
 s - 2 scrolls of poison
 u - a scroll of fear
 v - 4 scrolls of vulnerability {!r}
 w - 2 scrolls of immolation {!r}
 A - a scroll of amnesia
 B - a scroll of enchant weapon
 F - 2 scrolls of fog
 K - 3 scrolls of noise {!r}
 P - a scroll of enchant armour {unknown}
 X - a scroll of silence
Potions
 f - 6 potions of heal wounds {@q2}
 g - 2 potions of lignification {!q}
 h - 2 potions of magic
 j - 4 potions of mutation {!q}
 n - 4 potions of curing {@q1}
 p - 3 potions of might
 q - a potion of ambrosia
 r - 2 potions of invisibility
 t - 2 potions of flight
 z - 3 potions of berserk rage
 D - a potion of haste {unknown}
 H - 3 potions of brilliance
 I - 2 potions of resistance
 L - a potion of cancellation {unknown}
 V - 2 potions of attraction {!q}


   Skills:
 + Level 10.4 Fighting
 + Level 9.3 Short Blades
 + Level 9.3 Long Blades
 + Level 9.3 Axes
 + Level 9.3 Maces & Flails
 + Level 10.4 Polearms
 + Level 9.3 Staves
 + Level 9.3 Ranged Weapons
 + Level 9.7 Throwing
 + Level 9.7 Armour
 + Level 10.4 Dodging
 + Level 9.3 Stealth
 + Level 9.3 Shields
 + Level 9.3 Unarmed Combat
 + Level 10.6 Spellcasting
 + Level 7.8 Conjurations
 + Level 7.8 Hexes
 + Level 7.8 Summonings
 + Level 7.8 Necromancy
 + Level 9.6 Translocations
 + Level 7.8 Transmutations
 + Level 7.8 Fire Magic
 + Level 7.8 Ice Magic
 + Level 7.8 Air Magic
 + Level 7.8 Earth Magic
 + Level 7.8 Poison Magic
 + Level 10.2 Invocations
 + Level 9.3 Evocations


You had 23 spell levels left.
You knew the following spells:

 Your Spells              Type           Power      Damage    Failure   Level
a - Blink                 Tloc           72%        N/A       1%          2
b - Wereblood             Tmut           31%        N/A       1%          2
c - Vhi's Electric Charg  Tloc/Air       68%        N/A       1%          3
d - Manifold Assault      Tloc           36%        N/A       2%          4

Your spell library contained the following spells:

 Spells                   Type           Power      Damage    Failure   Level
 Beastly Appendage        Tmut           62%        N/A       1%          1
 Ensorcelled Hibernation  Hex/Ice        62%        N/A       1%          2
 Lesser Beckoning         Tloc           72%        N/A       1%          2
 Spider Form              Tmut/Pois      31%        N/A       1%          3
 Teleport Other           Tloc           36%        N/A       1%          3
 Anguish                  Hex/Necr       15%        N/A       4%          4
 Petrify                  Tmut/Erth      31%        N/A       4%          4
 Metabolic Englaciation   Hex/Ice        15%        N/A       13%         5
 Statue Form              Tmut/Erth      20%        N/A       58%         6


Dungeon Overview and Level Annotations

Branches:
Dungeon (10/15) Zot: 25784  Temple (0/1) D:5            Lair (5/5) D:10 Zot: 22392
  Swamp (0/4) Lair:3        Snake (0/4) Lair:2        Slime (0/5) Lair:4
    Orc (0/2) D:9           Sewer (visited)          Bailey (visited)
Volcano (visited)

Altars:
Ashenzari
Dithmenos
Elyvilon
Gozag
Nemelex Xobeh
Okawaru
Qazlal
Ru
Sif Muna
Trog
Uskayaw
Wu Jian
Lugonu

Shops:
D:10 (=

Annotations:
D:7 1 transporter
D:9 4 transporters
Lair:4 2 transporters, 1 runed translucent door, Fiha's ghost, journeyman VSTm
Lair:5 exclusion: oklob plant


Innate Abilities, Weirdness & Mutations

You have very sharp teeth.
Your uncanny sense of smell can sniff out nearby items.
Your experience applies equally to all skills.


Message History

The death yak bellows!
The yak bellows!
You slash the death yak!
The death yak is heavily wounded.
You hear a bellow! x2
You block the death yak's attack.
You hear a bellow!
You hit the death yak.
The death yak is heavily wounded.
The death yak completely misses you.
You hit the death yak. You drain the death yak.
The death yak is severely wounded.
You block the death yak's attack.
You slash the death yak! You drain the death yak.
The death yak is almost dead.
The death yak gores you.
* * * LOW HITPOINT WARNING * * *
You slash the death yak!
You feel a bit better.
You kill the death yak!
Lugonu accepts your kill.
Lugonu will corrupt your weapon with distortion... once.
You hit the death yak.
The death yak is lightly wounded.
The death yak gores you!
* * * LOW HITPOINT WARNING * * *
You hit the death yak.
The death yak is lightly wounded.
The death yak gores you.
* * * LOW HITPOINT WARNING * * *
The yak gores something!
You slash the death yak! You drain the death yak.
The death yak is moderately wounded.
Unknown command.
You slice the death yak!!
The death yak is heavily wounded.
You howl as the wereblood boils in your veins!
The yak gores something!
Unknown command.
You hit the death yak.
The death yak is lightly wounded.
The yak gores something! x2; The yak gores something.
The death yak closely misses you.
Unknown command.
You hit the death yak.
The death yak is lightly wounded.
The death yak gores you!!
* * * LOW HITPOINT WARNING * * *
You hit the death yak but do no damage.
The death yak is lightly wounded.
The death yak gores you!
You die...

...... ####....##
........# #P.....#
##...YP# ##...YYY#
#.#...YY## #......P..+
#...YY#Y## ##...P.....#
##..YY##@## #.......P..##
#.....###.###............
##...Y.###.###...........
##..Y...###†##...♣..P....
#....Y.## ##.#...........
#P....## ##............
##....## #.......♣.♣P.
#.....# ##......♣#.♣..
#....### #.......###...


You could see 2 death yaks and 5 yaks.

Vanquished Creatures
  An orc warlord (Bailey)
  Harold (Lair:2)
  2 catoblepae
  2 boulder beetles
  Erica (D:8)
  10 death yaks
  A fire crab (Lair:3)
  3 elephants (Lair:1)
  8 black mambas
  8 cane toads
  A torpor snail (Lair:2)
  2 rime drakes (Lair:1)
  4 komodo dragons
  3 trolls (D:9)
  4 polar bears
  22 blink frogs
  14 dream sheep
  2 wyverns
  A basilisk (Lair:3)
  A wraith (D:10)
  32 yaks
  A warg (Lair:5)
  3 steam dragons
  Menkaure (D:4)
  3 swamp worms (Lair:3)
  12 water moccasins
  Duvessa (D:4)
  A hell hound (Lair:5)
  An ice beast (D:5)
  10 orc warriors (Bailey)
  A black bear (D:6)
  3 sky beasts
  An ogre (D:6)
  11 wolves
  2 centaurs
  A kobold brigand (D:10)
  11 bullfrogs
  2 scorpions (D:5)
  Dowan (D:4)
  5 killer bees (D:8)
  3 howler monkeys (D:9)
  4 lava snakes (Volcano)
  3 hounds (D:6)
  A jelly (D:4)
  6 orc priests
  5 iguanas
  Terence (D:2)
  3 sleepcaps
  5 orc wizards
  Robin (D:4)
  13 gnolls
  8 adders
  3 river rats
  A shadow imp (D:7)
  3 ufetubi (D:4)
  3 worms
  5 dart slugs
  33 orcs
  11 ball pythons
  4 bats
  4 endoplasms
  5 giant cockroaches
  25 goblins
  22 hobgoblins
  12 jackals
  14 kobolds
  9 quokkas
  8 frilled lizards
  17 rats
426 creatures vanquished.

Vanquished Creatures (others)
  A wizard (D:9)
  An orc wizard (D:3)
2 creatures vanquished.

Grand Total: 428 creatures vanquished

Notes
Turn   | Place    | Note
-------+----------+-------------------------------------------
     0 | D:1      | GeoRichter the Gnoll Warper began the quest for the Orb.
     0 | D:1      | Reached XP level 1. HP: 20/20 MP: 6/6
   257 | D:1      | Reached XP level 2. HP: 26/26 MP: 7/7
   824 | D:1      | Reached skill level 5 in Spellcasting
   824 | D:1      | Reached XP level 3. HP: 31/31 MP: 9/9
  1081 | D:2      | Reached skill level 1 in Invocations
  1179 | D:2      | Noticed a floating eye
  1185 | D:2      | Found a faded altar of an unknown god.
  1186 | D:2      | Noticed a golden eye
  1186 | D:2      | Noticed a golden eye
  1186 | D:2      | Noticed a great orb of eyes
  1193 | D:2      | Prayed at the altar of an unknown god.
  1193 | D:2      | Became a worshipper of Lugonu the Unformed
  1193 | D:2      | Reached * piety under Lugonu
  1208 | D:2      | Reached skill level 1 in Short Blades
  1208 | D:2      | Reached skill level 1 in Long Blades
  1208 | D:2      | Reached skill level 1 in Axes
  1208 | D:2      | Reached skill level 1 in Maces & Flails
  1208 | D:2      | Reached skill level 1 in Staves
  1208 | D:2      | Reached skill level 1 in Ranged Weapons
  1208 | D:2      | Reached skill level 1 in Stealth
  1208 | D:2      | Reached skill level 1 in Shields
  1208 | D:2      | Reached skill level 1 in Unarmed Combat
  1208 | D:2      | Reached skill level 1 in Evocations
  1417 | D:2      | Noticed Terence
  1429 | D:2      | Killed Terence
  1430 | D:2      | Reached XP level 4. HP: 25/38 MP: 11/11
  1561 | D:2      | Reached skill level 1 in Conjurations
  1561 | D:2      | Reached skill level 1 in Hexes
  1561 | D:2      | Reached skill level 1 in Summonings
  1561 | D:2      | Reached skill level 1 in Necromancy
  1561 | D:2      | Reached skill level 1 in Transmutations
  1561 | D:2      | Reached skill level 1 in Fire Magic
  1561 | D:2      | Reached skill level 1 in Ice Magic
  1561 | D:2      | Reached skill level 1 in Air Magic
  1561 | D:2      | Reached skill level 1 in Earth Magic
  1561 | D:2      | Reached skill level 1 in Poison Magic
  1800 | D:3      | Learned a level 2 spell: Blink
  1941 | D:3      | Found a glowing drain.
  1947 | D:3      | Found the +7 Throatcutter {drain, coup de grace}
  1990 | D:3      | Reached XP level 5. HP: 43/43 MP: 12/12
  2040 | Sewer    | Entered a sewer
  2125 | Sewer    | Reached ** piety under Lugonu
  2536 | D:3      | Reached XP level 6. HP: 50/50 MP: 13/13
  2567 | D:3      | Found a broken altar of Ashenzari.
  2580 | D:3      | Reached skill level 5 in Fighting
  2580 | D:3      | Reached skill level 5 in Polearms
  2580 | D:3      | Reached skill level 5 in Dodging
  2732 | D:3      | Found an ornate altar of the Wu Jian Council.
  3014 | D:3      | Learned a level 2 spell: Wereblood
  3122 | D:4      | Reached *** piety under Lugonu
  3152 | D:4      | Noticed Robin
  3161 | D:4      | Killed Robin
  3184 | D:4      | Noticed Duvessa
  3218 | D:4      | Killed Duvessa
  3219 | D:4      | Reached XP level 7. HP: 56/56 MP: 15/15
  3219 | D:4      | Noticed Dowan
  3223 | D:4      | Killed Dowan
  3299 | D:4      | Identified the +3 sling "Tormentor" {flame, Contam rF- MP+9
                  | Int+8}
  3343 | D:4      | Noticed Menkaure
  3386 | D:4      | Killed Menkaure
  3656 | D:5      | Entered Level 5 of the Dungeon
  3762 | D:5      | Reached XP level 8. HP: 63/63 MP: 16/16
  3834 | D:5      | Reached **** piety under Lugonu
  4073 | D:5      | Found a staircase to the Ecumenical Temple.
  4953 | D:6      | Reached XP level 9. HP: 44/69 MP: 18/18
  5352 | D:6      | Identified 3 scrolls of acquirement
  5352 | D:6      | Acquired the +7 lajatang of Order {silver, rMut}
  5352 | D:6      | Found the +7 lajatang of Order {silver, rMut}
  5354 | D:6      | Acquired the ring "Qusy" {rPois rN+ Dex+2}
  5356 | D:6      | Acquired 690 gold pieces
  5391 | D:7      | Found a transporter.
  5517 | D:7      | Noticed a purple ugly thing
  5518 | D:7      | Found a corrupted altar of Lugonu.
  5519 | D:7      | Noticed a brown ugly thing
  5520 | D:7      | Noticed a white ugly thing
  5663 | D:7      | Found a white marble altar of Elyvilon.
  6086 | D:8      | Found a sacrificial altar of Ru.
  6088 | D:8      | Noticed Erica
  6279 | D:8      | Reached skill level 5 in Throwing
  6279 | D:8      | Reached skill level 5 in Armour
  6469 | D:8      | Killed Erica
  6470 | D:8      | Reached skill level 5 in Invocations
  6624 | D:8      | Found a shimmering blue altar of Sif Muna.
  6956 | D:8      | Identified the +9 flail "Rodazep" {vamp, rN+ Will- Str+5
                  | Stlth+}
  7170 | D:9      | Reached skill level 5 in Short Blades
  7170 | D:9      | Reached skill level 5 in Long Blades
  7170 | D:9      | Reached skill level 5 in Axes
  7170 | D:9      | Reached skill level 5 in Maces & Flails
  7170 | D:9      | Reached skill level 5 in Staves
  7170 | D:9      | Reached skill level 5 in Ranged Weapons
  7170 | D:9      | Reached skill level 5 in Stealth
  7170 | D:9      | Reached skill level 5 in Shields
  7170 | D:9      | Reached skill level 5 in Unarmed Combat
  7170 | D:9      | Reached skill level 5 in Evocations
  7170 | D:9      | Reached XP level 10. HP: 52/77 MP: 20/20
  7273 | D:9      | Found a staircase to the Orcish Mines.
  7426 | D:9      | Found a bloodstained altar of Trog.
  7439 | D:9      | Found a transporter.
  7472 | D:9      | Learned a level 3 spell: Vhi's Electric Charge
  7477 | D:9      | Learned a level 4 spell: Manifold Assault
  7478 | D:9      | Found a transporter.
  7496 | D:9      | Noticed a wizard
  7502 | D:9      | Killed a wizard
  7651 | D:9      | Found a transporter.
  7915 | D:9      | Found an iron altar of Okawaru.
  7975 | D:9      | Found a transporter.
  8003 | D:9      | Found an opulent altar of Gozag.
  8035 | D:9      | Found a sparkling altar of Nemelex Xobeh.
  8250 | D:10     | Entered Level 10 of the Dungeon
  8431 | D:10     | Found a flagged portal.
  8449 | Bailey   | Entered a bailey
  8686 | Bailey   | Reached ***** piety under Lugonu
  9187 | Bailey   | Noticed an orc warlord
  9194 | Bailey   | Reached skill level 5 in Conjurations
  9194 | Bailey   | Reached skill level 5 in Hexes
  9194 | Bailey   | Reached skill level 5 in Summonings
  9194 | Bailey   | Reached skill level 5 in Necromancy
  9194 | Bailey   | Reached skill level 5 in Transmutations
  9194 | Bailey   | Reached skill level 5 in Fire Magic
  9194 | Bailey   | Reached skill level 5 in Ice Magic
  9194 | Bailey   | Reached skill level 5 in Air Magic
  9194 | Bailey   | Reached skill level 5 in Earth Magic
  9194 | Bailey   | Reached skill level 5 in Poison Magic
  9194 | Bailey   | Reached XP level 11. HP: 85/85 MP: 5/22
  9335 | Bailey   | Identified the +0 scale mail "Botuaxtow" {Str-4 Dex+2
                  | Stlth+}
  9351 | Bailey   | Killed an orc warlord
  9502 | D:10     | Found a shadowy altar of Dithmenos.
  9534 | D:10     | Found a staircase to the Lair.
  9629 | D:10     | Found Saurimn's Jewellery Boutique.
  9666 | D:10     | Found Jaicsem's Antique Weapon Boutique.
 10233 | D:10     | Found a stormy altar of Qazlal.
 10476 | Lair:1   | Entered Level 1 of the Lair of Beasts
 11020 | Lair:1   | You fall into a shaft and drop 1 floor!
 11021 | Lair:2   | Acquired the +1 helmet "Vafuhu" {rF- rC+++ rCorr}
 11042 | Lair:2   | Noticed a death yak
 11095 | Lair:2   | Found a dark tunnel.
 11109 | Volcano  | Entered a volcano
 11760 | Volcano  | Found a bloodstained altar of Trog.
 11760 | Volcano  | Noticed a red ugly thing
 11932 | Lair:2   | Found a staircase to the Snake Pit.
 12218 | Lair:2   | Found a hide-covered altar of Uskayaw.
 12218 | Lair:2   | Noticed a boulder beetle
 12221 | Lair:2   | Found an ornate altar of the Wu Jian Council.
 12276 | Lair:1   | Reached XP level 12. HP: 94/94 MP: 9/24
 13333 | Lair:2   | Noticed a death yak
 13392 | Lair:2   | Killed a death yak
 13400 | Lair:2   | Killed a death yak
 13639 | Lair:2   | Noticed Harold
 13653 | Lair:2   | Killed Harold
 13868 | Lair:2   | Killed a boulder beetle
 14406 | Lair:3   | Noticed a five-headed hydra
 14409 | Lair:3   | Banished a five-headed hydra
 14561 | Lair:3   | Noticed a death yak
 14613 | Lair:3   | Noticed a catoblepas
 14726 | Lair:3   | Killed a catoblepas
 14860 | Lair:3   | Noticed a death yak
 14861 | Lair:3   | Noticed a death yak
 14877 | Lair:3   | Noticed a death yak
 14878 | Lair:3   | Noticed a death yak
 14880 | Lair:3   | Noticed a death yak
 14888 | Lair:2   | Killed a death yak
 14975 | Lair:3   | Killed a death yak
 14976 | Lair:3   | Reached XP level 13. HP: 83/101 MP: 4/26
 15272 | Lair:3   | Identified the +0 plate armour of Vaiw Bim {Harm Int+4}
 15766 | Lair:3   | Reached skill level 10 in Spellcasting
 16102 | Lair:3   | Found a staircase to the Swamp.
 16876 | Lair:4   | Reached skill level 10 in Fighting
 16876 | Lair:4   | Reached skill level 10 in Polearms
 16876 | Lair:4   | Reached skill level 10 in Dodging
 17123 | Lair:4   | Found a transporter.
 17140 | Lair:4   | Noticed Fiha's ghost (journeyman VSTm)
 17556 | Lair:4   | Found a transporter.
 17623 | Lair:4   | Found a runed translucent door.
 17625 | Lair:4   | Found a staircase to the Slime Pits.
 17827 | Lair:5   | Entered Level 5 of the Lair of Beasts
 18167 | Lair:5   | Reached XP level 14. HP: 110/110 MP: 23/28
 18176 | Lair:5   | Reached skill level 10 in Invocations
 18777 | Lair:5   | Reached ****** piety under Lugonu
 18784 | Lair:5   | Slain by a death yak

Illustrated notes

Levels and vault maps discovered:
D:1:      moated_graveyard_arrival, layout_loops_corners, nicolae_eternal_life
D:2:      layout_basic, hellmonk_ecumenical_altar_watching_god, serial_curves,
          eino_curves_02, eino_curves_04, small_statue_intersection,
          uniq_crazy_yiuf_cottage, uniq_terence
D:3:      layout_basic, nicolae_wu_jian_glorious_leap, old_standard_altar,
          portal_sewer_entry_c
D:4:      layout_basic, uniq_duvessa, uniq_robin, uniq_menkaure
D:5:      layout_loops_ring, minmay_temple_entry_arrows
D:6:      layout_loops_ring, hangedman_abyss_or_decor_stagger
D:7:      gammafunk_corrupted_shrine, layout_cave_pods,
          nicolae_elyvilon_peaceful_grove
D:8:      layout_cave_pools, led_sif_book, amcnicky_altar_gilded,
          minmay_misc_feat_roman, uniq_erica
D:9:      layout_loops_cross, nemelex_xobeh_ov_fountains_minmay, trog_wizard,
          lemuel_coloured_pillars_altar, general_overflow_altar,
          nicolae_transporter_intersection
D:10:     layout_irregular_city, nicolae_dithmenos_shadow_blocks,
          kennysheep_mini, lair_entry_dummy, enter_bailey_3, serial_shops,
          nicolae_diamond_shop, shop, minmay_misc_feat_rugged,
          chequers_decorated_corner, serial_bayou_pond_d
Lair:1:   layout_chaotic_city
Lair:2:   layout_concentric_octagons, minmay_snake_entry_six_corridors,
          nicolae_volcano_entry_lava_flow, nzn_masters_of_martial_movement,
          grunt_megastairs_5, uniq_harold
Lair:3:   layout_cave_shapes, palyth_hydra_swamp_entry, lemuel_fruit_tree,
          grunt_megastairs_3
Lair:4:   layout_misc_corridors, slime_entry_2, gammafunk_ghost_arena
Lair:5:   hangedman_lair_caniforms_friends, layout_long_grid,
          minmay_lair_oklob_items, grunt_forest_large_clearing_hut

Skill      XL: |  1  2  3  4  5  6  7  8  9 10 11 12 13 14 |
---------------+-------------------------------------------+-----
Spellcasting   | 5 6 7 8 9 10 | 10.6
Invocations    | 1 2 3 4 5 6 7 8 9 10 | 10.2
Short Blades   | 1 2 3 5 6 7 8 9 |  9.3
Long Blades    | 1 2 3 5 6 7 8 9 |  9.3
Axes           | 1 2 3 5 6 7 8 9 |  9.3
Maces & Flails | 1 2 3 5 6 7 8 9 |  9.3
Staves         | 1 2 3 5 6 7 8 9 |  9.3
Ranged Weapons | 1 2 3 5 6 7 8 9 |  9.3
Stealth        | 1 2 3 5 6 7 8 9 |  9.3
Shields        | 1 2 3 5 6 7 8 9 |  9.3
Unarmed Combat | 1 2 3 5 6 7 8 9 |  9.3
Evocations     | 1 2 3 5 6 7 8 9 |  9.3
Conjurations   | 1 2 3 4 5 6 7 |  7.8
Hexes          | 1 2 3 4 5 6 7 |  7.8
Summonings     | 1 2 3 4 5 6 7 |  7.8
Necromancy     | 1 2 3 4 5 6 7 |  7.8
Transmutations | 1 2 3 4 5 6 7 |  7.8
Fire Magic     | 1 2 3 4 5 6 7 |  7.8
Ice Magic      | 1 2 3 4 5 6 7 |  7.8
Air Magic      | 1 2 3 4 5 6 7 |  7.8
Earth Magic    | 1 2 3 4 5 6 7 |  7.8
Poison Magic   | 1 2 3 4 5 6 7 |  7.8
Throwing       | 3 4 5 6 7 8 9 |  9.7
Armour         | 3 4 5 6 7 8 9 |  9.7
Fighting       | 5 6 7 8 9 10 | 10.4
Polearms       | 5 6 7 8 9 10 | 10.4
Dodging        | 5 6 7 8 9 10 | 10.4
Translocations | 6 7 8 9 |  9.6

Action                     |  1- 3 |  4- 6 |  7- 9 | 10-12 | 13-15 || total
---------------------------+-------+-------+-------+-------+-------++-------
  Melee: Spear             |   145 |    66 |       |       |       ||   211
         Bite              |    12 |    13 |    12 |    33 |    27 ||    97
         Punch             |     2 |     2 |     4 |     7 |       ||    15
         Long sword        |       |   132 |   192 |   489 |   332 ||  1145
         Lajatang          |       |       |       |    16 |    23 ||    39
  Throw: Dart              |    11 |     3 |     6 |       |     3 ||    23
   Cast: Wereblood         |       |       |     2 |    25 |    13 ||    40
         Manifold Assault  |       |       |       |   104 |    84 ||   188
 Invoke: Banish            |       |       |       |     2 |     5 ||     7
  Evoke: Wand              |       |       |       |     5 |     3 ||     8
    Use: Scroll            |       |     4 |     7 |    20 |     4 ||    35
         Potion            |       |     1 |     2 |     4 |     1 ||     8
   Stab: Sleeping          |     3 |       |     2 |     3 |     3 ||    11
         Paralysed         |       |       |       |    14 |     5 ||    19
         Distracted        |       |       |       |     1 |     1 ||     2
 Armour: Leather armour    |     1 |       |       |       |       ||     1
         Scale mail        |    39 |    66 |    86 |       |       ||   191
         Skin              |       |     6 |     7 |       |       ||    13
         Steam dragon scal |       |       |       |    68 |    39 ||   107
  Dodge: Dodged            |    55 |    79 |    86 |   152 |   115 ||   487
  Block: Other             |       |       |       |    27 |     9 ||    36
         Buckler           |       |       |       |    90 |   112 ||   202
         Reflection        |       |       |       |     2 |     1 ||     3
